 Dungeon Crawl Stone Soup version 0.23.2-1-ga50397a (webtiles) character file.

Game seed: 17473710945227509264

1248 myga the Chiller (level 8, -2/60 HPs)
             Began as a Demigod Ice Elementalist on Apr 20, 2019.
             Slain by an orc warrior
             ... wielding a +0 glaive
              (24 damage)
             ... on level 6 of the Dungeon.
             The game lasted 00:35:42 (6175 turns).

myga the Chiller (Demigod Ice Elementalist)         Turns: 6175, Time: 00:35:43

Health: -2/60      AC:  7    Str: 11    XL:     8   Next: 5%
Magic:  3/18       EV: 13    Int: 19    God:
Gold:   393        SH:  0    Dex: 20    Spells: 1/16 levels left

rFire    . . .     SeeInvis .   q - +4 dagger
rCold    + . .     Gourm    +   (no shield)
rNeg     . . .     Faith    .   G - +0 troll leather armour {Purgy}
rPois    .         Spirit   .   r - +1 helmet
rElec    .         Reflect  .   (no cloak)
rCorr    .         Harm     .   (no gloves)
MR       .....                  l - +0 pair of boots
Stlth    +++.......             B - amulet of the gourmand
HPRegen  0.60/turn              n - ring of protection from fire
MPRegen  0.16/turn              u - ring of ice

@: very slightly contaminated
A: high mp 1
a: no special abilities


You were on level 6 of the Dungeon.
You were very full.

You visited 2 branches of the dungeon, and saw 7 of its levels.
You also visited: Sewer.

You collected 393 gold pieces.

Inventory:

Hand Weapons
 q - a +4 dagger (weapon)
 E - a +2 dagger of flaming
 F - a +0 rapier
 I - a +0 scimitar
Missiles
 d - 155 stones (quivered)
 s - 8 tomahawks
 D - 3 tomahawks of dispersal
Armour
 l - a +0 pair of boots (worn)
 r - a +1 helmet (worn)
 G - a +0 troll leather armour (worn) {Purgy}
 L - a +3 leather armour
Magical Staves
 y - an uncursed staff of air
Jewellery
 n - a ring of protection from fire (left hand)
 u - a ring of ice (right hand)
 B - an amulet of the gourmand (around neck)
Wands
 w - a wand of polymorph (10)
Scrolls
 b - a scroll of random uselessness {unknown}
 e - a scroll of identify {unknown}
 g - a scroll of blinking {unknown}
 i - a scroll of enchant armour
 j - a scroll of fear {unknown}
 p - 4 scrolls of teleportation {unknown}
 t - a scroll of enchant weapon {unknown}
 v - 3 scrolls of remove curse
 x - a scroll of magic mapping
 z - a scroll of vulnerability {unknown}
 J - a scroll of amnesia {unknown}
 K - a scroll of fog {unknown}
Potions
 f - a potion of brilliance
 h - a potion of agility
 m - a potion of heal wounds {unknown}
 o - a potion of cancellation {unknown}
 A - a potion of might {unknown}
 C - a potion of curing
Comestibles
 a - a chunk of flesh
 c - 10 rations


   Skills:
 + Level 1.7 Fighting
 + Level 2.5 Short Blades
 + Level 1.0 Throwing
 + Level 0.5 Armour
 + Level 2.6 Dodging
 + Level 3.7 Stealth
 + Level 4.6 Spellcasting
 + Level 1.7 Conjurations
 + Level 0.1 Hexes
 + Level 5.7 Ice Magic
 + Level 0.8 Evocations


You had one spell level left.
You knew the following spells:

 Your Spells              Type           Power        Failure   Level  Hunger
a - Freeze                Ice            ####         1%          1    None
b - Throw Frost           Conj/Ice       ####..       5%          2    #......
c - Ozocubu's Armour      Chrm/Ice       ###.....     16%         3    ###....
d - Throw Icicle          Conj/Ice       ####....     34%         4    ####...
e - Ensorcelled Hibernat  Hex/Ice        ###...       8%          2    #......
f - Flame Tongue          Conj/Fire      #....        12%         1    None
g - Throw Flame           Conj/Fire      #.....       19%         2    #......

Your spell library contained the following spells:

 Spells                   Type           Power        Failure   Level  Hunger
 Corona                   Hex            #......      16%         1    None
 Conjure Flame            Conj/Fire      #.......     34%         3    ###....
 Dazzling Spray           Conj/Hex       #.....       34%         3    ###....
 Confuse                  Hex            #.......     43%         3    ###....
 Tukima's Dance           Hex            #.......     43%         3    ###....
 Inner Flame              Hex/Fire       #.......     45%         3    ###....
 Summon Ice Beast         Ice/Summ       ###.....     45%         4    ####...
 Sticky Flame             Conj/Fire      #.......     75%         4    ####...
 Fireball                 Conj/Fire      #.........   97%         5    ######.


Dungeon Overview and Level Annotations

Branches:
Dungeon (6/15)             Temple (1/1) D:5

Annotations:
D:6 Grinder


Innate Abilities, Weirdness & Mutations

You have an increased reservoir of magic. (+10% MP)


Message History

Okay, then.
Fire/throw which item? (* to show all) (? for menu, Esc to quit)
Throwing (i - inventory. (/) - cycle)
d - 155 stones (quivered)
Press: ? - help, Shift-Dir - straight line, f/p - Grinder
Aim: Grinder (severely wounded)
You throw a throwing net.
The throwing net closely misses Grinder.
The throwing net closely misses the orc warrior.
The orc wizard shouts!
Grinder misses you.
Casting: Flame Tongue (safe; 12% risk of failure)
Confirm with . or Enter, or press ? or * to list all spells.
Aiming: Flame Tongue (safe; 12% risk of failure)
Press: ? - help, Shift-Dir - straight line, f/p - Grinder
Aim: Grinder (severely wounded)
The flame tongue hits Grinder.
Grinder is severely wounded.
Grinder hits you but does no damage.
The orc warrior hits you from afar with a +0 glaive!!
You die...

### ..# ###.# ####
####### ##(#.#
##..####......
##.#o.####.####......#.
#o###5@....# ##.....##.
##.#.o####.###......##.
##.#.# ##.......####.
#.#.# ##.###### #.
o...# ### #. ##.### #.
#.# #. #.. +. ### #.


You could see Grinder, an orc warrior and an orc wizard.

Vanquished Creatures
  A wraith (D:6)
  Purgy (Sewer)
  2 ice beasts (D:5)
  2 sky beasts
  A centaur (D:6)
  Blork the orc (D:4)
  A centaur zombie (D:5)
  A crimson imp (D:5)
  2 hounds
  An iguana (D:5)
  3 orc wizards
  Terence (D:3)
  2 worker ants
  Robin (D:2)
  3 gnolls (D:2)
  5 adders
  A dart slug (D:2)
  8 leopard geckos
  14 orcs
  4 ball pythons
  13 bats
  7 giant cockroaches
  12 goblins (D:2)
  9 hobgoblins
  5 jackals
  6 kobolds
  A quokka (D:5)
  5 frilled lizards
  11 rats
124 creatures vanquished.

Notes
Turn   | Place    | Note
-------+----------+-------------------------------------------
     0 | D:1      | myga the Demigod Ice Elementalist began the quest for the
                  | Orb.
     0 | D:1      | Reached XP level 1. HP: 14/14 MP: 5/5
   421 | D:1      | Reached XP level 2. HP: 11/20 MP: 2/7
   659 | D:1      | Reached skill level 3 in Ice Magic
   787 | D:1      | Learned a level 2 spell: Throw Frost
  1193 | D:2      | Reached XP level 3. HP: 26/26 MP: 2/9
  1357 | D:2      | Reached skill level 1 in Short Blades
  1673 | D:2      | Reached XP level 4. HP: 32/34 MP: 1/10
  1872 | D:2      | Noticed Robin
  1905 | D:2      | Reached skill level 1 in Conjurations
  1924 | D:2      | Killed Robin
  2122 | D:2      | Learned a level 3 spell: Ozocubu's Armour
  2888 | D:3      | Noticed Terence
  2892 | D:3      | Killed Terence
  2892 | D:3      | Reached skill level 4 in Ice Magic
  2892 | D:3      | Reached XP level 5. HP: 39/39 MP: 6/12
  3488 | D:4      | Noticed Blork the orc
  3501 | D:4      | Killed Blork the orc
  3561 | D:4      | Noticed a sky beast
  3583 | D:4      | Killed a sky beast
  3583 | D:4      | Reached XP level 6. HP: 20/46 MP: 0/14
  4084 | D:5      | Entered Level 5 of the Dungeon
  4105 | D:5      | Reached skill level 1 in Fighting
  4355 | D:5      | Learned a level 4 spell: Throw Icicle
  4398 | D:5      | Found a staircase to the Ecumenical Temple.
  4422 | Temple   | Entered the Ecumenical Temple
  4430 | Temple   | Learned a level 2 spell: Ensorcelled Hibernation
  4970 | D:5      | Reached XP level 7. HP: 42/52 MP: 13/16
  5297 | D:5      | Reached skill level 1 in Throwing
  5297 | D:5      | Reached skill level 5 in Ice Magic
  5471 | D:6      | Found a glowing drain.
  5488 | Sewer    | Entered a sewer
  5573 | Sewer    | Noticed Purgy
  5586 | Sewer    | Killed Purgy
  5729 | D:6      | Found a basalt altar of Yredelemnul.
  6077 | D:6      | Noticed a wraith
  6089 | D:6      | Killed a wraith
  6089 | D:6      | Reached XP level 8. HP: 60/60 MP: 16/18
  6101 | D:6      | Learned a level 1 spell: Flame Tongue
  6104 | D:6      | Learned a level 2 spell: Throw Flame
  6152 | D:6      | Noticed Grinder
  6175 | D:6      | Slain by an orc warrior

Skill      XL: |  1  2  3  4  5  6  7 |
---------------+----------------------+-----
Spellcasting   | 2 3 4 |  4.6
Stealth        | 2 3 |  3.7
Ice Magic      | 3 4 5 |  5.7
Short Blades   | 1 2 |  2.5
Conjurations   | 1 |  1.7
Dodging        | 2 |  2.6
Fighting       | 1 |  1.7
Throwing       | 1 |  1.0
Armour         | |  0.5
Hexes          | |  0.1
Evocations     | |  0.8

Action                   |  1- 3 |  4- 6 |  7- 9 || total
-------------------------+-------+-------+-------++-------
Melee: Short sword       |    17 |       |       ||    17
       Dagger            |     6 |    53 |    36 ||    95
Throw: Stone             |    24 |    31 |       ||    55
       Tomahawk          |       |     4 |       ||     4
       Throwing net      |       |       |     2 ||     2
 Cast: Freeze            |    34 |    55 |    35 ||   124
       Throw Frost       |    11 |    27 |    20 ||    58
       Ozocubu's Armour  |       |     1 |     1 ||     2
       Ensorcelled Hiber |       |     1 |     1 ||     2
       Flame Tongue      |       |       |    12 ||    12
Evoke: Wand              |       |     8 |     3 ||    11
  Use: Potion            |     2 |     2 |     2 ||     6
       Scroll            |       |     2 |     1 ||     3
 Stab: Sleeping          |     7 |     5 |     5 ||    17
  Eat: Chunk             |     3 |    16 |     9 ||    28
Armor: Robe              |     3 |    27 |    16 ||    46
       Troll leather arm |       |       |    15 ||    15
Dodge: Dodged            |    27 |    52 |    47 ||   126
